 Dungeon Crawl Stone Soup version 0.30.1-11-g7821555f0a (webtiles) character file.

Game seed: 13198923775050944549

8136 fireball365 the Cleaver (level 11, -1/97 HPs)
             Began as a Minotaur Fighter on Nov 5, 2023.
             Was an Initiate of Gozag.
             Killed from afar by an electric eel (8 damage)
             ... with a bolt of electricity
             ... in a bailey.
             The game lasted 00:17:01 (9552 turns).

fireball365 the Cleaver (Minotaur Fighter)          Turns: 9552, Time: 00:17:07

Health: -1/97      AC: 19    Str: 24    XL:     11   Next: 5%
Magic:  10/10      EV:  8    Int:  5    God:    Gozag
Gold:   1818       SH:  0    Dex: 11    Spells: 10/10 levels left

rFire   . . .        D - +3 battleaxe
rCold   . . .        (shield currently unavailable)
rNeg    . . .        I - +0 plate armour
rPois   .            G - +1 hat
rElec   .            l - +0 cloak
rCorr   .            w - +1 pair of gloves
SInv    .            (no boots)
Will    .....        (no amulet) Stlth
                     (no ring)
HPRegen 0.36/turn    (no ring)
MPRegen 0.12/turn

%: no passive effects
@: gold aura, studying 2 skills
A: horns 2, retaliatory headbutt
a: Renounce Religion, Potion Petition, Call Merchant, Bribe Branch


You were in a bailey.
You worshipped Gozag.
Gozag was most pleased with you.
You visited 1 branch of the dungeon, and saw 9 of its levels.
You also visited: Ossuary and Bailey.

You collected 1907 gold pieces.
You paid 89 gold pieces to Gozag.

Inventory:

Hand Weapons
 D - a +3 battleaxe (weapon)
 L - the +1 morningstar "Gujemauk" {venom, Fly rElec}
   (You found it in a bailey)

   rElec:     It insulates you from electricity.
   Fly:       It grants you flight.
Missiles
 i - 3 throwing nets (quivered)
Armour
 l - a +0 cloak (worn)
 o - a +0 chain mail
 w - a +1 pair of gloves (worn)
 G - a +1 hat (worn)
 I - a +0 plate armour (worn)
 J - a +0 kite shield
Wands
 u - a wand of flame (14)
 E - a wand of acid (4)
Scrolls
 f - a scroll of enchant armour
 h - 3 scrolls of vulnerability
 j - 3 scrolls of teleportation
 m - a scroll of noise
 s - 2 scrolls of enchant weapon {unknown}
 t - 4 scrolls of immolation
 y - 2 scrolls of amnesia
 A - a scroll of blinking {unknown}
 C - 5 scrolls of fear
 H - 3 scrolls of torment
 K - a scroll of fog {unknown}
Potions
 b - 2 potions of magic {unknown}
 d - 7 potions of might
 e - 6 potions of curing
 g - 5 potions of heal wounds
 k - 5 potions of degeneration
 n - 2 potions of attraction {unknown}
 q - 2 potions of cancellation {unknown}
 r - 5 potions of brilliance
 v - 2 potions of haste {unknown}
 x - 2 potions of mutation {unknown}
 z - a potion of invisibility {unknown}
 B - a potion of lignification {unknown}


   Skills:
 + Level 9.6 Fighting
 + Level 14.5 Axes
 + Level 10.0 Armour
 + Level 3.4 Dodging
 + Level 1.5 Stealth
 + Level 6.0 Shields


You had 10 spell levels left.
You didn't know any spells.
Your spell library contained the following spells:

 Spells                   Type           Power      Damage    Failure   Level
 Freeze                   Ice            0%         1d3       99%         1
 Kiss of Death            Conj/Necr      0%         2d5       99%         1
 Magic Dart               Conj           0%         1d3       99%         1
 Shock                    Conj/Air       0%         1d3       99%         1
 Call Imp                 Summ           0%         N/A       100%        2
 Cigotuvi's Dreadful Rot  Necr/Pois/Air  0%         N/A       100%        2
 Ensorcelled Hibernation  Hex/Ice        0%         N/A       100%        2
 Confusing Touch          Hex            0%         N/A       100%        3
 Frozen Ramparts          Ice            0%         1d1       100%        3
 Hailstorm                Conj/Ice       0%         3d3       100%        3
 Ignite Poison            Fire/Tmut/Pois 0%         N/A       100%        3
 Mephitic Cloud           Conj/Pois/Air  0%         N/A       100%        3
 Spider Form              Tmut/Pois      0%         N/A       100%        3
 Swiftness                Air            0%         N/A       100%        3
 Airstrike                Air            0%         2d(0-16)  100%        4
 Anguish                  Hex/Necr       0%         N/A       100%        4
 Animate Armour           Summ/Erth      0%         N/A       100%        4
 Dispel Undead            Necr           0%         3d6       100%        4
 Blade Hands              Tmut           0%         N/A       100%        5
 Freezing Cloud           Conj/Ice/Air   0%         6-21      100%        5
 Iron Shot                Conj/Erth      0%         9d1       100%        6


Dungeon Overview and Level Annotations

Branches:
Dungeon (9/15)             Temple (0/1) D:7            Lair (0/5) D:8
Ossuary (visited)          Bailey (1/1)
    Orc: D:9-12

Altars:
Gozag
Kikubaaqudgha
Wu Jian

Shops:
D:3 (

Annotations:
D:8 2 transporters, rozman's ghost, amateur HOFE
D:9 3 runed translucent doors, middlethird's ghost, novice VSMo; rozman's ghost, novice DECj


Innate Abilities, Weirdness & Mutations

You have a pair of horns on your head.
You reflexively headbutt those who attack you in melee.


Message History

The bolt of electricity hits you!
The electric eel shoots out a bolt of lightning at you!
The bolt of electricity hits you!
The electric eel shoots out a bolt of lightning at you!
The bolt of electricity hits you.
The electric eel shoots out a bolt of lightning at you!
The bolt of electricity hits you.
* * * LOW HITPOINT WARNING * * *
You open the door.
A gnoll comes into view. It is wielding a +0 hand axe.
The gnoll shouts!
The electric eel shoots out a bolt of lightning at you!
The bolt of electricity hits the electric eel.
The electric eel completely resists.
The bolt of electricity hits you.
* * * LOW HITPOINT WARNING * * *
The electric eel shoots out a bolt of lightning at you!
The bolt of electricity hits you.
* * * LOW HITPOINT WARNING * * *
There is an open door here.
The electric eel shoots out a bolt of lightning at you!
The bolt of electricity hits you.
* * * LOW HITPOINT WARNING * * *
The gnoll hits you but does no damage. The gnoll barely misses you.
You slash the gnoll! You headbutt the gnoll.
The gnoll is heavily wounded.
You hit the gnoll but do no damage.
The gnoll is heavily wounded.
The electric eel shoots out a bolt of lightning at you!
The bolt of electricity hits you.
* * * LOW HITPOINT WARNING * * *
The gnoll closely misses you. You furiously retaliate!
You headbutt the gnoll!
You kill the gnoll!
The electric eel shoots out a bolt of lightning at you!
The bolt of electricity hits you!
* * * LOW HITPOINT WARNING * * *
The electric eel shoots out a bolt of lightning at you!
The bolt of electricity hits you!
You die...
Your body crumbles into a pile of gold.

8.8..#....##.....'..............#
######....##.....#.~≈≈≈≈......###
#.'..#....#####++#.~≈≈≈≈......#
#.#..#....# #.~≈≈≈≈.######
'.#..'....# #.~≈≈≈≈≈# ###########
######≈≈≈≈≈# #)....+ #....#≈≈≈≈≈#
))....# #....#≈≈≈≈≈#
###############.@# #≈≈≈≈≈#
'.............'..#$#≈≈≈≈≈#
#~~~~~~~~SS~~~#### #≈≈≈≈≈#
≈≈≈≈≈≈≈≈≈≈S≈≈≈≈≈≈≈
≈≈≈≈≈≈≈≈≈≈≈≈≈≈≈≈≈≈≈
≈≈≈≈≈≈≈≈≈≈≈≈≈≈≈≈≈≈≈≈
≈≈≈≈≈≈≈≈≈≈≈≈≈≈≈≈≈≈≈≈
≈≈≈≈≈≈≈≈≈≈≈≈≈≈≈≈≈≈≈≈
≈≈≈≈≈≈≈≈≈≈≈≈≈≈≈≈≈≈≈≈


You could see 3 electric eels.

Vanquished Creatures
  An orc high priest (Bailey)
  Pikel (D:4)
  An orc knight (Bailey)
  The ghost of BearBoy19 the Chopper, a novice HOMo of Hepliaklqana (D:6)
  A kobold demonologist (Bailey)
  A troll (D:7)
  4 yaks (D:8)
  4 water moccasins
  An ice beast (D:6)
  8 orc warriors
  A sky beast (D:6)
  4 black bears
  2 ogres
  3 centaurs
  4 phantoms
  4 bullfrogs (D:8)
  5 scorpions
  9 wights
  A killer bee (D:8)
  6 howler monkeys
  5 hounds
  3 jellies
  5 orc priests
  3 gnoll boudas (D:6)
  2 sleepcaps
  3 iguanas
  12 orc wizards
  9 mummies
  Robin (D:4)
  22 gnolls
  9 adders
  A shadow imp (D:6)
  2 white imps
  5 ufetubi
  4 worms
  3 dart slugs
  40 orcs
  5 bats
  10 endoplasms
  4 giant cockroaches
  3 gnoll zombies (Ossuary)
  24 goblins
  15 hobgoblins
  6 jackals
  6 quokkas
  7 ball pythons
  5 frilled lizards
  2 hobgoblin zombies
  7 kobolds
  2 kobold zombies
  3 orc zombies (Ossuary)
  5 rats
295 creatures vanquished.

Notes
Turn   | Place    | Note
-------+----------+-------------------------------------------
     0 | D:1      | fireball365 the Minotaur Fighter began the quest for the
                  | Orb.
     0 | D:1      | Reached XP level 1. HP: 19/19 MP: 0/0
   245 | D:1      | Reached XP level 2. HP: 27/27 MP: 1/1
   840 | D:2      | Reached XP level 3. HP: 28/33 MP: 2/2
   963 | D:2      | Found an ornate altar of the Wu Jian Council.
  1186 | D:2      | Reached skill level 3 in Axes
  1221 | D:2      | Reached XP level 4. HP: 35/41 MP: 3/3
  1659 | D:3      | Reached skill level 4 in Axes
  1659 | D:3      | Reached XP level 5. HP: 9/47 MP: 4/4
  1825 | D:3      | Found Gotroipi's Weapon Shop.
  2007 | D:3      | Reached skill level 1 in Dodging
  2379 | D:4      | Reached skill level 5 in Armour
  2379 | D:4      | Reached XP level 6. HP: 55/55 MP: 5/5
  2444 | D:4      | Noticed Robin
  2455 | D:4      | Reached skill level 5 in Axes
  2455 | D:4      | Killed Robin
  2593 | D:4      | Reached skill level 5 in Fighting
  2791 | D:4      | Reached skill level 6 in Axes
  2791 | D:4      | You fall into a shaft and drop 1 floor!
  2791 | D:5      | Entered Level 5 of the Dungeon
  2796 | D:5      | Identified the staff of earth "Ycab" {rF- Will+ Int+4}
  2905 | D:4      | Noticed Pikel
  2913 | D:4      | Killed Pikel
  2914 | D:4      | Reached skill level 7 in Axes
  2914 | D:4      | Reached skill level 5 in Shields
  2914 | D:4      | Reached XP level 7. HP: 49/62 MP: 6/6
  3205 | D:5      | Reached XP level 8. HP: 69/70 MP: 7/7
  3218 | D:5      | Reached skill level 8 in Axes
  3325 | D:5      | Found an opulent altar of Gozag.
  3334 | D:5      | Became a worshipper of Gozag Ym Sagoz the Greedy
  3568 | D:5      | Reached skill level 9 in Axes
  4448 | D:6      | Found a sand-covered staircase.
  4459 | Ossuary  | Entered an ossuary
  4772 | D:6      | Reached skill level 10 in Axes
  4778 | D:6      | Reached XP level 9. HP: 48/78 MP: 8/8
  4955 | D:6      | Found a runed translucent gate.
  4957 | D:6      | Noticed BearBoy19's ghost (novice HOMo)
  4964 | D:6      | Found a runed translucent gate.
  4998 | D:6      | Found a runed translucent gate.
  5300 | D:6      | Reached skill level 11 in Axes
  5316 | D:6      | Reached skill level 1 in Stealth
  5683 | D:6      | Killed BearBoy19's ghost
  5916 | D:7      | Found a staircase to the Ecumenical Temple.
  6110 | D:7      | Reached skill level 12 in Axes
  6251 | D:7      | Noticed a troll
  6258 | D:7      | Killed a troll
  6259 | D:7      | Reached XP level 10. HP: 82/88 MP: 9/9
  6894 | D:8      | Found a staircase to the Lair.
  6957 | D:8      | Found a transporter.
  7071 | D:8      | Found a transporter.
  7071 | D:8      | Noticed a centaur warrior
  7071 | D:8      | Noticed rozman's ghost (amateur HOFE)
  7463 | D:8      | Identified the +7 rapier "Eviscerator" {heavy, Int+2 SInv}
  7481 | D:8      | Reached skill level 13 in Axes
  8234 | D:8      | Found an ancient bone altar of Kikubaaqudgha.
  8517 | D:9      | Found a runed translucent gate.
  8517 | D:9      | Found a runed translucent gate.
  8517 | D:9      | Found a runed translucent gate.
  8520 | D:9      | Noticed rozman's ghost (novice DECj)
  8520 | D:9      | Noticed middlethird's ghost (novice VSMo)
  8888 | D:9      | Found a flagged portal.
  8902 | Bailey   | Entered a bailey
  9013 | Bailey   | Noticed an orc high priest
  9016 | Bailey   | Noticed an orange demon
  9022 | Bailey   | Killed an orc high priest
  9023 | Bailey   | Reached skill level 14 in Axes
  9189 | Bailey   | Found an iron altar of Okawaru.
  9216 | Bailey   | Identified the +1 robe "Zazo" {Str+3}
  9297 | Bailey   | Identified the +1 morningstar "Gujemauk" {venom, Fly rElec}
  9443 | Bailey   | Noticed an orc knight
  9453 | Bailey   | Reached XP level 11. HP: 69/97 MP: 10/10
  9455 | Bailey   | Killed an orc knight
  9456 | Bailey   | Reached skill level 10 in Armour
  9552 | Bailey   | Killed from afar by an electric eel

Illustrated notes

Levels and vault maps discovered:
D:1:      matt_arrival_los_fun, layout_loops_ring, minmay_tetromino_l4
D:2:      cheibrodos_greedy_goblins, layout_loops_ring, basic_altar
D:3:      layout_rooms, serial_shops, shop
D:4:      wad_crossroads, layout_rooms, uniq_robin, uniq_pikel
D:5:      layout_basic, mainiacjoe_overflow_surrounded_room, minivault_27
D:6:      layout_rooms, nicolae_ossuary_entry_giza, gammafunk_ghost_split,
          minmay_manual_mail
D:7:      layout_basic, minmay_temple_entry_tees,
          amcnicky_mini_corridor_feature, hex_intersection
D:8:      layout_layer_cave, marbit_many_paths, due_lair_maze_entry_diamond,
          gammafunk_ghost_arena
D:9:      layout_stronghold, enter_bailey_2, gammafunk_ghost_cemetery
Bailey:   bailey_axe_of_yendor_kennysheep, bailey

Skill      XL: |  1  2  3  4  5  6  7  8  9 10 11 |
---------------+----------------------------------+-----
Fighting       | 4 5 6 8 9 |  9.6
Shields        | 4 5 6 |  6.0
Armour         | 4 5 6 7 8 9 10 | 10.0
Axes           | 3 4 7 10 12 14 | 14.5
Dodging        | 1 2 3 |  3.4
Stealth        | 1 |  1.5

Action                     |  1- 3 |  4- 6 |  7- 9 | 10-12 || total
---------------------------+-------+-------+-------+-------++-------
  Melee: War axe           |    71 |   120 |   180 |       ||   371
         Headbutt          |    10 |    13 |    46 |    40 ||   109
         Battleaxe         |       |       |    65 |   201 ||   266
    Use: Scroll            |     4 |       |     6 |     3 ||    13
   Stab: Distracted        |       |       |     2 |       ||     2
 Armour: Scale mail        |    42 |       |       |       ||    42
         Chain mail        |    21 |   127 |   140 |   104 ||   392
         Plate armour      |       |       |       |     9 ||     9
  Dodge: Dodged            |    45 |    73 |   140 |    98 ||   356
  Block: Buckler           |    22 |    48 |    50 |       ||   120
